[Event "World Girls U20 Championship"]
[Site "Czarna"]
[Date "2010.08.04"]
[Round "2.19"]
[White "Guramishvili, Sopiko"]
[Black "Petrova, Irina"]
[Result "1-0"]
[WhiteElo "2298"]
[BlackElo "2014"]
[PlyCount "55"]
[EventDate "2010.??.??"]
[TimeControl "5400"]

1. d4 Nf6 2. c4 g6 3. Nc3 Bg7 4. e4 d6 5. Bd3 Nbd7 6. f3 c5 7. Be3 O-O 8. Nge2
Ne8 9. Qd2 Nc7 10. Bc2 a6 11. a4 b6 12. O-O Rb8 13. Rfd1 Ne6 14. b3 Bb7 15. Qe1
cxd4 16. Nxd4 Nxd4 17. Bxd4 Bxd4+ 18. Rxd4 Qc7 19. Rad1 Nc5 20. Nd5 Bxd5 21.
exd5 a5 22. Qe3 Na6 23. Kh1 Nb4 24. Bb1 Rb7 25. Rh4 f5 26. g4 f4 27. Qe6+ Kg7
28. Rxh7+ 1-0

[Event "World Girls U20 Championship"]
[Site "Czarna"]
[Date "2010.08.04"]
[Round "2.20"]
[White "Corke, Anya"]
[Black "Pratyusha, Bodda"]
[Result "0-1"]
[WhiteElo "2257"]
[BlackElo "2073"]
[PlyCount "96"]
[EventDate "2010.??.??"]
[TimeControl "5400"]

1. d4 Nf6 2. Nf3 e6 3. c4 d5 4. e3 b6 5. b3 Bb7 6. Bd3 Bd6 7. O-O O-O 8. Bb2
Ne4 9. Nbd2 Nd7 10. Qc2 f5 11. cxd5 exd5 12. Ne5 Qe7 13. Ndf3 Ndf6 14. Nc6 Qe8
15. Rac1 Qh5 16. Nfe5 Ng4 17. h3 Ngf6 18. Qe2 Qh6 19. Rc2 a5 20. Qe1 Nh5 21.
Be2 Rf6 22. Bxh5 Qxh5 23. f3 Bxc6 24. fxe4 Bb5 25. Rxf5 Rxf5 26. exf5 Qxf5 27.
Rf2 Qh5 28. e4 c5 29. Rf5 Qe8 30. exd5 cxd4 31. Bxd4 Ra7 32. Nf3 Re7 33. Qh4
Bd7 34. Rg5 g6 35. Bf2 Re4 36. g4 Bf4 37. d6 Bc6 38. Kf1 Bxd6 39. Nd4 Be7 40.
Nf5 Bxg5 41. Qxg5 Qd7 42. Nh6+ Kg7 43. Nf5+ Kf7 44. Ne3 Qd3+ 45. Kg1 Qb1+ 46.
Nf1 Qd3 47. Ng3 Qd1+ 48. Kh2 Qf3 0-1

[Event "World Girls U20 Championship"]
[Site "Czarna"]
[Date "2010.08.04"]
[Round "2.21"]
[White "Bhakti, Kulkarni Pradip"]
[Black "Correa, Jaqueline Pamplona"]
[Result "1-0"]
[WhiteElo "2249"]
[BlackElo "1928"]
[PlyCount "75"]
[EventDate "2010.??.??"]
[TimeControl "5400"]

1. d4 Nf6 2. Nf3 g6 3. c4 Bg7 4. Nc3 d5 5. e3 O-O 6. Bd2 c6 7. Qb3 e6 8. Bd3
Nbd7 9. O-O Re8 10. Rfd1 Qe7 11. Re1 h6 12. Rad1 Nb6 13. Ne5 dxc4 14. Nxc4 Nxc4
15. Bxc4 Qc7 16. e4 Ng4 17. e5 h5 18. Ne4 Kh7 19. Qf3 b5 20. Bxb5 Bb7 21. Rc1
Rad8 22. Bxc6 Bxc6 23. Rxc6 Qb7 24. Rxe6 Kh8 25. Rxe8+ Rxe8 26. Nd6 Qxb2 27.
Nxe8 Qxd2 28. Rd1 Qxa2 29. Nxg7 Kxg7 30. h3 Nh6 31. Qf6+ Kg8 32. Rc1 Kh7 33.
Rc8 Ng8 34. Qd8 Qa1+ 35. Kh2 Kh6 36. Qxg8 Qxd4 37. Qxf7 Qxe5+ 38. f4 1-0

[Event "World Girls U20 Championship"]
[Site "Czarna"]
[Date "2010.08.04"]
[Round "2.22"]
[White "Abdulla, Khayala Mardan"]
[Black "Rysbayeva, Aigerim"]
[Result "1-0"]
[WhiteElo "2193"]
[BlackElo "2209"]
[PlyCount "87"]
[EventDate "2010.??.??"]
[TimeControl "5400"]

1. e4 c5 2. Nf3 d6 3. d4 cxd4 4. Nxd4 Nf6 5. Nc3 Nc6 6. Bc4 e6 7. Bb3 a6 8. Be3
Be7 9. f4 O-O 10. Qf3 Nxd4 11. Bxd4 b5 12. Bxf6 Bxf6 13. e5 Bh4+ 14. g3 Rb8 15.
gxh4 Bb7 16. Ne4 dxe5 17. Rg1 g6 18. Rg3 Qd4 19. Nf6+ Kg7 20. c3 Qd8 21. Ne4
Qxh4 22. Qf2 Qxf4 23. Nc5 Rfd8 24. Re3 a5 25. Qe2 Qh4+ 26. Rg3 e4 27. Bc2 Rd5
28. Qf2 Rh5 29. O-O-O Bd5 30. Qd4+ f6 31. Nxe6+ Kg8 32. Qa7 Rb7 33. Qa8+ Kf7
34. Nd8+ Kg7 35. Ne6+ Kf7 36. Nd8+ Kg7 37. Nxb7 Qf4+ 38. Kb1 Rxh2 39. Rgg1 Qf2
40. Rc1 e3 41. Qd8 Qf3 42. Qa8 Qf2 43. Qd8 Qf3 44. Qc7+ 1-0

[Event "World Girls U20 Championship"]
[Site "Czarna"]
[Date "2010.08.04"]
[Round "2.23"]
[White "Tomaszewska, Luiza"]
[Black "Kasperek, Joanna"]
[Result "1/2-1/2"]
[WhiteElo "1968"]
[BlackElo "2001"]
[PlyCount "105"]
[EventDate "2010.??.??"]
[TimeControl "5400"]

1. e4 c5 2. c3 Nf6 3. e5 Nd5 4. d4 cxd4 5. Nf3 Nc6 6. cxd4 d6 7. Bc4 e6 8. Bxd5
exd5 9. O-O Be7 10. exd6 Qxd6 11. Nc3 Bg4 12. Be3 Rd8 13. a3 O-O 14. h3 Bh5 15.
g4 Bg6 16. Qd2 Qd7 17. b4 a6 18. Ne1 h5 19. f3 b5 20. Ng2 hxg4 21. hxg4 a5 22.
bxa5 Nxa5 23. Qe2 Nc4 24. f4 Be4 25. Nxe4 dxe4 26. a4 Nxe3 27. Qxe3 bxa4 28.
Qxe4 Qxd4+ 29. Qxd4 Rxd4 30. Rf2 g5 31. Kf1 Bd6 32. fxg5 Rxg4 33. Ne3 Rxg5 34.
Rxa4 Bc5 35. Re4 Ra8 36. Rc2 Ra3 37. Ng4 Rg3 38. Rcc4 Kg7 39. Rf4 Bd6 40. Rfd4
Rf5+ 41. Nf2 Bc5 42. Rf4 Rxf4 43. Rxf4 Bxf2 44. Kxf2 Ra3 45. Rb4 Kg6 46. Rb7 f5
47. Rb8 Kg5 48. Rb4 f4 49. Rb8 Ra5 50. Kf3 Ra3+ 51. Kf2 f3 52. Rg8+ Kf4 53.
Rf8+ 1/2-1/2

[Event "World Girls U20 Championship"]
[Site "Czarna"]
[Date "2010.08.04"]
[Round "2.24"]
[White "Khanamiryan, Ani"]
[Black "Ozturk, Kubra"]
[Result "1/2-1/2"]
[WhiteElo "2014"]
[BlackElo "2286"]
[PlyCount "249"]
[EventDate "2010.??.??"]
[TimeControl "5400"]

1. e4 e5 2. Nf3 Nc6 3. d4 exd4 4. Nxd4 Bc5 5. Be3 Qf6 6. c3 Qg6 7. Qf3 Bxd4 8.
cxd4 Nb4 9. Na3 Ne7 10. Bd2 a5 11. Nb5 O-O 12. Bxb4 axb4 13. Nxc7 Ra5 14. Bc4
Qb6 15. Nd5 Nxd5 16. Bxd5 Rxd5 17. exd5 Re8+ 18. Kf1 Qa6+ 19. Kg1 Qxa2 20. Kf1
Qa6+ 21. Kg1 Qa2 22. Qd1 Qxb2 23. Rb1 Qc3 24. Rc1 Qa3 25. h3 d6 26. Kh2 Bf5 27.
Re1 Rf8 28. Ra1 Qc3 29. Rc1 Qa3 30. Re3 Qa2 31. Rb3 Be4 32. Rxb4 Qxf2 33. Qf1
Qd2 34. Rbc4 Bd3 35. Qf3 Bxc4 36. Rxc4 b5 37. Rc6 Qxd4 38. Rxd6 h5 39. Rd7 h4
40. d6 b4 41. Qb7 Qe5+ 42. Kh1 Qe1+ 43. Kh2 Qg3+ 44. Kh1 b3 45. Qb6 Qe1+ 46.
Kh2 Qe5+ 47. Kh1 b2 48. Rb7 Ra8 49. Rb8+ Rxb8 50. Qxb8+ Kh7 51. Qb4 Qxd6 52.
Qxd6 b1=Q+ 53. Kh2 Qe4 54. Kg1 Qe3+ 55. Kh2 f6 56. Qb4 Qg3+ 57. Kg1 f5 58. Qe7
Qf4 59. Qe8 Qe4 60. Qh5+ Kg8 61. Qg6 Qe1+ 62. Kh2 Qe4 63. Kg1 Qe1+ 64. Kh2 Qe5+
65. Kg1 f4 66. Kf1 Kf8 67. Qh7 Qb5+ 68. Kf2 Qc5+ 69. Kf1 Qg5 70. Qe4 Kf7 71.
Kf2 Qc5+ 72. Kf1 g5 73. Qh7+ Kf6 74. Qh6+ Kf5 75. Qh7+ Ke5 76. Qg7+ Ke4 77.
Qg6+ Ke3 78. Qe6+ Kd2 79. Qe1+ Kd3 80. Qe2+ Kc3 81. Qe1+ Kd4 82. Qf2+ Kd5 83.
Qf3+ Ke6 84. Qe4+ Kf6 85. Qh7 Qc1+ 86. Kf2 Qe3+ 87. Kf1 Qe7 88. Qh8+ Kg6 89.
Qg8+ Qg7 90. Qe6+ Kh7 91. Kf2 Qg6 92. Qe7+ Qg7 93. Qe6 Qg6 94. Qe7+ Kg8 95. Kf3
Qf5 96. Qe8+ Kg7 97. Qe7+ Kg6 98. Qe8+ Qf7 99. Qe4+ Kh6 100. Qe5 Qg7 101. Qe6+
Qg6 102. Qe5 Qd3+ 103. Kf2 Qc2+ 104. Kf3 Qc6+ 105. Kf2 Kg6 106. Kf1 f3 107. Qb2
Qe4 108. Qd2 fxg2+ 109. Qxg2 Qd3+ 110. Kg1 Qe3+ 111. Kh1 Qe1+ 112. Kh2 Kf5 113.
Qg4+ Kg6 114. Kg2 Qd2+ 115. Kg1 Qc1+ 116. Kg2 Qe1 117. Kh2 Qf2+ 118. Kh1 Qe3
119. Kg2 Qd2+ 120. Kg1 Qf4 121. Qe6+ Kg7 122. Qe7+ Kh6 123. Qe6+ Kh5 124. Qe8+
Kh6 125. Qe6+ 1/2-1/2

[Event "World Girls U20 Championship"]
[Site "Czarna"]
[Date "2010.08.04"]
[Round "2.25"]
[White "Tonel, Giulia"]
[Black "Butuc, Maria"]
[Result "1/2-1/2"]
[WhiteElo "2001"]
[BlackElo "2220"]
[PlyCount "124"]
[EventDate "2010.??.??"]
[TimeControl "5400"]

1. e4 c6 2. d4 d5 3. e5 Bf5 4. Nd2 e6 5. g4 Bg6 6. Ne2 f6 7. Nf4 fxe5 8. dxe5
Bf7 9. Nf3 Nd7 10. h4 Qc7 11. Qe2 Ne7 12. h5 h6 13. Bh3 g5 14. hxg6 Nxg6 15. g5
Nxf4 16. Bxf4 O-O-O 17. O-O-O Bg7 18. g6 Bxg6 19. Bxe6 Be4 20. Rhg1 Bxf3 21.
Qxf3 Bxe5 22. Bxe5 Qxe5 23. Rde1 Qd6 24. Rg7 Kb8 25. Qg4 Nf6 26. Qh4 Ne4 27.
Bf5 Qe5 28. Qg3 Nxg3 29. Rxe5 Nxf5 30. Rxf5 Rdf8 31. Re5 Re8 32. f4 Rxe5 33.
fxe5 h5 34. e6 Kc8 35. e7 Kd7 36. e8=Q+ Kxe8 37. Rxb7 Rh6 38. Rxa7 h4 39. Rg7
h3 40. Rg1 Ke7 41. Kd2 Ke6 42. Ke3 Kf5 43. Kf3 c5 44. Rh1 d4 45. b3 Re6 46.
Rxh3 Re3+ 47. Kg2 Re2+ 48. Kf3 Rxc2 49. Rh5+ Ke6 50. Ke4 Re2+ 51. Kd3 Re3+ 52.
Kd2 Kd6 53. Rh8 Rg3 54. Rh5 Re3 55. Rh8 Rg3 56. Ra8 Kc6 57. Rc8+ Kb5 58. Rb8+
Kc6 59. Rc8+ Kb6 60. Ra8 Kb7 61. Ra5 Rg2+ 62. Kd3 Kb6 1/2-1/2